[Event "Live Chess"]
[Site "Chess.com"]
[Date "2024.06.01"]
[Round "-"]
[White "grillage"]
[Black "jimwad"]
[Result "0-1"]
[WhiteElo "1855"]
[BlackElo "1251"]
[TimeControl "300"]
[EndTime "12:41:47 PDT"]
[Termination "jimwad won on time"]

1. d4 d5 2. Nf3 Nf6 3. c4 c6 4. Qc2 e6 5. cxd5 exd5 6. Nc3 Be6 7. Bg5 Be7 8. e3 Nbd7 9. Bd3 O-O 10. O-O h6 11. Bh4 Kh8 12. Rab1 b6 13. b4 Bg4 14. Ne2 Bxf3 15. gxf3 Nh5 16. Bg3 Nxg3 17. hxg3 Nf6 18. Qxc6 Rc8 19. Qa4 Qd7 20. Qxd7 Nxd7 21. Bf5 Rfd8 22.
a3 b5 23. Rbc1 Rxc1 24. Rxc1 a6 25. Nf4 Nb6 26. Rc7 Bf6 27. Rxf7 Nc4 28. Ra7 Nxa3 29. Ng6+ Kg8 30. Rxa6 Nc2 31. Be6+ Kh7 32. Nf4 Nxb4 33.
Rb6 g5 34. Rxb5 gxf4 35. Rxb4 fxg3 36. fxg3 Rd6 37. Bf5+ Kg7 38. g4 Be7 39. Rb7 Kf6 40.
Kg2 h5 41. Kg3 hxg4 42. Bxg4 Ra6 43. Rd7 Bd6+ 44. f4 Rb6 45. Rd8 Ke7 46. Rd7+ Kf6 47. Kh4 Kg6 48. Bf3 Kf5 49. Bxd5 Rb3 50. Rxd6 Rxe3 51.
Bg8 Kxf4 52. d5 Re1 53. Rf6+ Ke5 54. Rf7 Rh1+ 55. Kg5 Rg1+ 56. Kh6 Rxg8 57. Rd7 Kf6 58. Kh7 Rg5 59. d6 Rh5+ 60. Kg8 Rg5+ 61. Kf8 Rh5 62.
Kg8 Rg5+ 63. Kf8 Rh5 64. Rf7+ Ke6 65. d7 Rh8+ 66. Kg7 Rd8 0-1

[Event "Live Chess"]
[Site "Chess.com"]
[Date "2024.06.01"]
[Round "-"]
[White "Stanbad1"]
[Black "willc-h99"]
[Result "0-1"]
[WhiteElo "2664"]
[BlackElo "2621"]
[TimeControl "300"]
[EndTime "12:41:47 PDT"]
[Termination "willc-h99 won by resignation"]

1. d4 d6 2. Nc3 g6 3. e4 Bg7 4. Be3 a6 5. f3 e6 6. Qd2 b6 7. Nh3 Bb7 8. Nf2 Nd7 9. g3 h6 10.
Bg2 b5 11. O-O Ne7 12. Rad1 Nb6 13. b3 b4 14. Ne2 a5 15. Nd3 Qd7 16. c4 bxc3 17.
Nxc3 a4 18. Qc2 O-O 19. Rb1 axb3 20. Rxb3 Ba6 21. Rfb1 Nc4 22. Bf2 Nc6 23. Nb5 Bxb5 24. Rxb5 Na3 25. Qc3 Nxb5 26. Rxb5 Nxd4 27. Bxd4 Bxd4+ 28.
Qxd4 Qxb5 29. e5 Qb6 30. Qxb6 cxb6 31. exd6 Rfd8 32. f4 Rxa2 0-1

[Event "Live Chess"]
[Site "Chess.com"]
[Date "2024.06.01"]
[Round "-"]
[White "PatientChessPapa"]
[Black "DarranAS"]
[Result "0-1"]
[WhiteElo "774"]
[BlackElo "1460"]
[TimeControl "300"]
[EndTime "12:41:54 PDT"]
[Termination "DarranAS won on time"]

1. e4 c5 2. c3 Nc6 3. d4 cxd4 4.
cxd4 e6 5. d5 exd5 6. exd5 Qe7+ 7.
Be3 Ne5 8. d6 Qxd6 9. Qxd6 Bxd6 10. Nc3 Nf6 11. O-O-O Bc7 12. Bb5 O-O 13. f4 Nc6 14. Nf3 a6 15. Ba4 d6 16. Rhe1 Bg4 17. h3 Bxf3 18. gxf3 Rad8 19. Rg1 d5 20. f5 b5 21. Bh6 Ne8 22. Bc2 Kh8 23. Be3 d4 24.
Bxd4 Nxd4 25. Rg3 Nxc2 26. Rdg1 Ne3 27. Rxg7 Nxg7 28. Rxg7 Kxg7 0-1

[Event "Live Chess"]
[Site "Chess.com"]
[Date "2024.06.01"]
[Round "-"]
[White "WelshTiger"]
[Black "Colm_Buckley"]
[Result "1-0"]
[WhiteElo "2543"]
[BlackElo "1860"]
[TimeControl "300"]
[EndTime "12:42:10 PDT"]
[Termination "WelshTiger won by resignation"]

1. e4 e6 2. d4 d5 3. Nd2 c5 4.
exd5 exd5 5. Ngf3 Nc6 6. Bb5 Bd7 7. O-O a6 8. Bxc6 Bxc6 9. Re1+ Be7 10. dxc5 Nf6 11.
b4 O-O 12. Bb2 a5 13. a3 axb4 14. axb4 Rxa1 15. Qxa1 b6 16. Nb3 bxc5 17. bxc5 Ne4 18. Bxg7 Re8 19. Nbd4 Bxc5 20. Nxc6 Bxf2+ 21. Kh1 Qd6 22.
Ncd4 Bxe1 23. Qxe1 Nf6 24. Qh4 Qa6 25. Bxf6 Qf1+ 26.
Ng1 1-0

[Event "Live Chess"]
[Site "Chess.com"]
[Date "2024.06.01"]
[Round "-"]
[White "cymbalshift"]
[Black "uselessduffer"]
[Result "0-1"]
[WhiteElo "1704"]
[BlackElo "2429"]
[TimeControl "300"]
[EndTime "12:42:17 PDT"]
[Termination "uselessduffer won on time"]

1. d4 Nf6 2. Nc3 d5 3. e4 Nxe4 4. Nxe4 dxe4 5. Be3 Bf5 6. Bc4 e6 7. Ne2 Nd7 8. Ng3 Bg6 9. Qd2 Nf6 10. O-O-O Be7 11.
h4 h6 12. h5 Bh7 13. Ne2 Nd5 14.
g4 Qd7 15. Rdg1 O-O-O 16. Bb3 Kb8 17. a3 Qb5 18. Ba2 Nb6 19. Nc3 Qc6 20. Qe2 Bf6 21. Rd1 Nd5 22. Qd2 Be7 23. Nxd5 exd5 24. Kb1 f5 25. Rc1 fxg4 26. c4 dxc4 27. Rxc4 Qd7 28.
Rhc1 Bd6 29. Qa5 b6 30. Qa6 Qc8 31. Qa4 Bg8 32. Rxc7 Bxa2+ 33. Kxa2 Bxc7 0-1

[Event "Live Chess"]
[Site "Chess.com"]
[Date "2024.06.01"]
[Round "-"]
[White "nigelst"]
[Black "MaximKovalenko83"]
[Result "0-1"]
[WhiteElo "1651"]
[BlackElo "2252"]
[TimeControl "300"]
[EndTime "12:42:26 PDT"]
[Termination "MaximKovalenko83 won by resignation"]

1. e4 c6 2. d4 d5 3. exd5 cxd5 4. Bd3 Nc6 5. c3 Nf6 6. Bf4 Bg4 7. Qb3 Qc8 8. Nd2 e6 9. Ngf3 Be7 10. O-O O-O 11. Ne5 Nxe5 12. Bxe5 a6 13. h3 Bh5 14. Qc2 Bg6 15.
Bxg6 hxg6 16. Qd3 b5 17. a3 Nd7 18. Bg3 Qb7 19. Nf3 Bf6 20. Rfe1 Rac8 21. Ne5 Bxe5 22. Bxe5 a5 23. Rac1 b4 24. axb4 axb4 25. Bd6 bxc3 26. Bxf8 cxb2 27. Rxc8 Qxc8 28. Ba3 Nb6 29. Bxb2 Nc4 30.
Rc1 Qa6 31. Bc3 Qa3 32. Ra1 Qb3 33. Rb1 Qa2 34. Ra1 Qb3 35. Ra8+ Kh7 36. Qg3 Qb1+ 37. Kh2 Qe4 38. f3 Qf5 39. Qh4+ Qh5 40. Qxh5+ gxh5 41. Kg3 Kg6 42. Kf2 Kf6 43. Ra7 g5 44. g4 hxg4 45. fxg4 Kg6 46. Ke2 Nd6 47. Bb4 Nb5 48. Rd7 Nxd4+ 49.
Kd3 Nc6 50. Bd2 Ne5+ 51. Kd4 Nxd7 52. Bb4 f6 53. Be7 Kf7 54. Bd6 Nb6 55. Kc5 Nc4 56.
Bg3 Nd2 57. h4 Ne4+ 0-1

[Event "Live Chess"]
[Site "Chess.com"]
[Date "2024.06.01"]
[Round "-"]
[White "Bradfield133"]
[Black "mrsmarple1968"]
[Result "0-1"]
[WhiteElo "1922"]
[BlackElo "1765"]
[TimeControl "300"]
[EndTime "12:42:27 PDT"]
[Termination "mrsmarple1968 won on time"]

1. c4 e5 2. g3 c6 3. d4 exd4 4. Qxd4 Nf6 5. Nf3 d5 6. cxd5 Qxd5 7. Nc3 Qxd4 8. Nxd4 Bc5 9. Nb3 Bb6 10. Bg2 Be6 11. O-O O-O 12. Rd1 Bxb3 13. axb3 Nbd7 14. Bg5 h6 15.
Bf4 Nc5 16. b4 Ne6 17. Be5 Ng4 18. Bd6 Nxf2 19. Kf1 Nxd1 20. Rxd1 Rfe8 21. b5 Nd4 22.
bxc6 Nxc6 23. Nd5 Bd8 24. Nc7 Bf6 25. Nxa8 Rxa8 26. b4 a6 27. Rc1 Re8 28. Bxc6 bxc6 29. Rxc6 Re6 30. Rc8+ Kh7 31. Bc5 Bc3 32. Ra8 Rc6 33.
Kf2 Rc7 34. Ke3 Rc6 35. Kd3 Bf6 36. Kc4 Rc7 37. Kd5 Rb7 38. Rxa6 Rb8 39. Rb6 Rc8 40. Rc6 Rd8+ 41. Rd6 Re8 0-1

[Event "Live Chess"]
[Site "Chess.com"]
[Date "2024.06.01"]
[Round "-"]
[White "peteopeteo"]
[Black "Duke_of_Bebington"]
[Result "1/2-1/2"]
[WhiteElo "1604"]
[BlackElo "1584"]
[TimeControl "300"]
[EndTime "12:42:31 PDT"]
[Termination "Game drawn by agreement"]

1. e4 e5 2. Nf3 Nf6 3. Nc3 Nc6 4. Nxe5 Nxe5 5. d4 Ng6 6. e5 Ng8 7. Bc4 Qe7 8. f4 f6 9. Nd5 Qd8 10. O-O N6e7 11. exf6 Nxf6 12. Nxf6+ gxf6 13. Re1 d5 14. Qh5+ Kd7 15. Bxd5 Nxd5 16. Qxd5+ Bd6 17. Qe6+ Kc6 18. d5+ Kb6 19. Qe3+ c5 20. dxc6+ Kxc6 21. Qc3+ Bc5+ 22. Kh1 Qd5 23. Be3 Rg8 24. Qxf6+ Bd6 25. Qc3+ Kd7 26.
Rg1 b6 27. Qb3 Qxb3 28. axb3 Bb7 29. Rad1 Ke6 30. Rde1 Kf5 31. Re2 Rae8 32. Rge1 Bc5 33. Bxc5 Rxe2 34. Rxe2 bxc5 35. Kg1 Kxf4 36. g3+ Kf5 37.
Re7 Be4 38. c3 Rd8 39. g4+ Kxg4 40. Rxe4+ Kf3 41. Re1 Rd2 42. Rf1+ Kg4 43. Rb1 Kf3 44. Rf1+ Kg4 45. Rb1 Kf3 1/2-1/2

[Event "Live Chess"]
[Site "Chess.com"]
[Date "2024.06.01"]
[Round "-"]
[White "agamilewska"]
[Black "MellowAesthetic"]
[Result "0-1"]
[WhiteElo "1772"]
[BlackElo "2077"]
[TimeControl "300"]
[EndTime "12:42:52 PDT"]
[Termination "MellowAesthetic won by resignation"]

1. d4 Nf6 2. c4 g6 3. Nc3 Bg7 4.
Nf3 O-O 5. Bg5 h6 6. Bxf6 Bxf6 7. e4 d6 8. Be2 c5 9. dxc5 dxc5 10. O-O Nc6 11. Nd5 Bxb2 12. Rb1 Bg7 13. Qc2 b6 14. Rfd1 Nd4 15. Nxd4 cxd4 16. Bd3 Bb7 17. f4 e6 18. Nb4 a5 19. f5 axb4 20. fxg6 fxg6 21. Rxb4 e5 22.
Rxb6 Qxb6 23. Rb1 Qc7 24. c5 Ra3 25. Bc4+ Kh7 26. Bd5 Bxd5 27. exd5 Rc3 28. Qe4 Qxc5 0-1

[Event "Live Chess"]
[Site "Chess.com"]
[Date "2024.06.01"]
[Round "-"]
[White "Hoogleboogle"]
[Black "Vladyslava_A"]
[Result "0-1"]
[WhiteElo "1298"]
[BlackElo "1643"]
[TimeControl "300"]
[EndTime "12:43:13 PDT"]
[Termination "Vladyslava_A won by checkmate"]

1. d4 f5 2. c4 Nf6 3. Nc3 e6 4. Bg5 h6 5. Bxf6 Qxf6 6. Nf3 Nc6 7. e3 Bb4 8. a3 Bxc3+ 9. bxc3 O-O 10. Be2 b6 11. h4 Bb7 12. Rh3 f4 13. e4 Qg6 14.
Kf1 Ne7 15. Ne5 Qe8 16. Bf3 d6 17. Nd3 Qg6 18. g3 Bxe4 19. Nxf4 Rxf4 20. gxf4 Bd3+ 21. Be2 Be4 22. Rg3 Qf6 23. Qd2 Qxh4 24. d5 Qh1+ 25. Rg1 Bg2+ 26. Ke1 Qxg1+ 27. Bf1 Qxf1# 0-1

[Event "Live Chess"]
[Site "Chess.com"]
[Date "2024.06.01"]
[Round "-"]
[White "gobbles19"]
[Black "MaksymYurii"]
[Result "1-0"]
[WhiteElo "2245"]
[BlackElo "933"]
[TimeControl "300"]
[EndTime "12:43:14 PDT"]
[Termination "gobbles19 won on time"]

1. e4 e5 2. d4 exd4 3. c3 Nc6 4.
Nf3 Nf6 5. e5 Qe7 6. cxd4 Qb4+ 7.
Nc3 Nd5 8. Bd2 Nxc3 9. Bxc3 Qe7 10. Be2 d6 11. O-O dxe5 12. dxe5 Be6 13. a3 Rd8 14. Qa4 a6 15. Bxa6 Bd7 16. Bb5 g6 17. e6 fxe6 18. Bxh8 Bg7 19. Bxg7 Qxg7 20. Rad1 g5 21. Rfe1 g4 22.
Nd2 Nd4 23. Bxd7+ Qxd7 24. Qxd7+ Rxd7 25. Kf1 Kf7 26. Ne4 h6 27. Rd3 Ke7 28. Red1 e5 29. f4 Rd8 30. g3 Rf8 31. Rxd4 exd4 32. Rxd4 Rf6 33. b4 Ra6 34. Rd3 Ra4 35. Nc5 Ra8 36. Rd7+ Kf6 37. Rxc7 Rxa3 38. Ne4+ Kf5 39. Nf2 Rb3 40.
Rxb7 Rb1+ 41. Ke2 Rb2+ 42. Ke3 Rb3+ 43. Nd3 Ke6 44. Rh7 Kd5 45. Rxh6 Kc4 46. Rd6 Kc3 47. f5 Kc2 48. f6 1-0

[Event "Live Chess"]
[Site "Chess.com"]
[Date "2024.06.01"]
[Round "-"]
[White "Queensandpawns"]
[Black "gunslinger222"]
[Result "1/2-1/2"]
[WhiteElo "2382"]
[BlackElo "2250"]
[TimeControl "300"]
[EndTime "12:43:17 PDT"]
[Termination "Game drawn by agreement"]

1. e4 e6 2. d4 d5 3. Nd2 c5 4.
dxc5 Bxc5 5. exd5 exd5 6. Ngf3 Nc6 7. Bd3 Qe7+ 8. Qe2 Nb4 9. Qxe7+ Nxe7 10. O-O Nxd3 11.
cxd3 Bf5 12. Nb3 Bb6 13. Rd1 Bg4 14. Be3 Bxf3 15. gxf3 h5 16. Bxb6 axb6 17. Re1 Kd7 18. Re5 f6 19. Re2 Nf5 20. a3 Rac8 21. Rae1 Rc6 22.
Kg2 h4 23. Kh3 1/2-1/2

[Event "Live Chess"]
[Site "Chess.com"]
[Date "2024.06.01"]
[Round "-"]
[White "wadsy27"]
[Black "koekoekoe"]
[Result "1-0"]
[WhiteElo "2562"]
[BlackElo "2058"]
[TimeControl "300"]
[EndTime "12:43:20 PDT"]
[Termination "wadsy27 won by resignation"]

1. c4 d5 2. cxd5 Qxd5 3. Nc3 Qa5 4. d4 Nf6 5. Bd2 c6 6. e4 Bg4 7. f3 Bh5 8. Bc4 e6 9. Nh3 Nbd7 10. Nf4 Bg6 11. Qb3 Qb6 12. Nxg6 Qxb3 13. Bxb3 hxg6 14.
O-O-O O-O-O 15. Be3 Nb6 16. Kb1 Bb4 17. a3 Be7 18. h3 Rd7 19. Rc1 Kb8 20. a4 Rhd8 21. a5 Nc8 22. d5 exd5 23. exd5 cxd5 24. Ba4 Rc7 25. Nb5 Rxc1+ 26. Rxc1 Nd6 27. Bxa7+ Ka8 28. Bb6 Rc8 29. Nc7+ Kb8 30. Bb3 d4 31. Nd5 Nxd5 32. Bxd5 Bf6 33. Rxc8+ Kxc8 34. Kc2 Kd7 35. Kd3 Nf5 36.
Bxf7 Nh4 37. Bxd4 Nxg2 38. Bxg6 Nf4+ 39. Ke4 Nxg6 40. Bxf6 gxf6 41. Kf5 Ne5 42. f4 Nd3 43. b3 Ke7 44. h4 Kf7 45. h5 Nc5 46. b4 Nd3 47. b5 Nc5 48. h6 Nd7 49. a6 bxa6 50.
bxa6 Nb6 51. a7 Na8 52. h7 Kg7 53. h8=Q+ Kxh8 54. Kxf6 Kg8 55. Ke6 Kf8 56. Kd7 Nb6+ 57. Kc6 Na8 58. Kb7 Ke7 59. Kxa8 Kd8 60. Kb7 1-0

[Event "Live Chess"]
[Site "Chess.com"]
[Date "2024.06.01"]
[Round "-"]
[White "ShanthamGrarks"]
[Black "Eva3337"]
[Result "1-0"]
[WhiteElo "1913"]
[BlackElo "1156"]
[TimeControl "300"]
[EndTime "12:43:25 PDT"]
[Termination "ShanthamGrarks won by checkmate"]

1. d4 d5 2. Nc3 e6 3. Bf4 Bb4 4. e3 Nf6 5. a3 Ba5 6. b4 Bb6 7. Bd3 a6 8. Nf3 a5 9. b5 a4 10.
O-O Ba5 11. Ne2 O-O 12. Bg5 h6 13. Bh4 Qd6 14. Bxf6 gxf6 15. Ng3 Kh8 16. Qc1 Rg8 17. e4 Rg6 18. e5 fxe5 19. Bxg6 fxg6 20. Qxh6+ Kg8 21.
Nxe5 Nd7 22. Qxg6+ Kf8 23. Qf7# 1-0

[Event "Live Chess"]
[Site "Chess.com"]
[Date "2024.06.01"]
[Round "-"]
[White "CarmelJane"]
[Black "Pandreq"]
[Result "1-0"]
[WhiteElo "2077"]
[BlackElo "1140"]
[TimeControl "300"]
[EndTime "12:43:26 PDT"]
[Termination "CarmelJane won by resignation"]

1. e4 Nf6 2. e5 Nd5 3. d4 d6 4.
Nf3 Nc6 5. h3 Bf5 6. a3 e6 7. Bb5 Ne7 8. O-O a6 9. Bd3 dxe5 10.
dxe5 Bxd3 11. cxd3 Nd4 12. Nc3 Nxf3+ 13. Qxf3 Nc6 14.
Be3 Be7 15. d4 O-O 16. Qg3 Kh8 17. Rad1 Bh4 18. Qg4 Rg8 19. Ne4 Qe7 20. g3 Bxg3 21. fxg3 Rad8 22. Bg5 Qf8 23. Bxd8 Qxd8 24. Ng5 Qe7 25.
Nxf7+ 1-0

[Event "Live Chess"]
[Site "Chess.com"]
[Date "2024.06.01"]
[Round "-"]
[White "IanCalvert2"]
[Black "Demyan7777"]
[Result "1-0"]
[WhiteElo "1576"]
[BlackElo "1799"]
[TimeControl "300"]
[EndTime "12:43:40 PDT"]
[Termination "IanCalvert2 won by checkmate"]

1. b3 e5 2. Bb2 Nc6 3. e3 d5 4. Bb5 Bd6 5. f4 Qe7 6. Nf3 f6 7. Nc3 Be6 8. O-O exf4 9. exf4 Bxf4 10. Nd4 Be5 11. Bxc6+ bxc6 12. Nxc6 Qc5+ 13. d4 Qxc6 14. dxe5 fxe5 15. Qh5+ g6 16. Qxe5 O-O-O 17. Qxh8 d4 18. Na4 Qxc2 19. Rac1 Qe4 20. Rfe1 Qg4 21. Qe5 Rd6 22. Nc5 Bf7 23. Ne4 Re6 24. Qxc7# 1-0

[Event "Live Chess"]
[Site "Chess.com"]
[Date "2024.06.01"]
[Round "-"]
[White "Dhaydon19"]
[Black "FlyingChessKestrel13"]
[Result "1-0"]
[WhiteElo "2682"]
[BlackElo "2077"]
[TimeControl "300"]
[EndTime "12:43:42 PDT"]
[Termination "Dhaydon19 won by resignation"]

1. Nf3 d5 2. e3 c6 3. b3 Bf5 4. Bb2 e6 5. Be2 Nf6 6. O-O Be7 7.
c4 O-O 8. d4 Nbd7 9. Nc3 h6 10.
Rc1 Ne4 11. Nxe4 Bxe4 12. Bd3 Bxd3 13. Qxd3 Nf6 14. Nd2 Qd7 15. h3 Rfd8 16. Rfd1 dxc4 17. Nxc4 c5 18. Qe2 cxd4 19. Bxd4 Qe8 20. Qf3 b6 21. Ne5 Rac8 22. Nc6 Rxd4 23. Nxe7+ Qxe7 24. Rxc8+ 1-0

[Event "Live Chess"]
[Site "Chess.com"]
[Date "2024.06.01"]
[Round "-"]
[White "Plato_77"]
[Black "Brooms1989"]
[Result "1-0"]
[WhiteElo "1339"]
[BlackElo "1085"]
[TimeControl "300"]
[EndTime "12:43:46 PDT"]
[Termination "Plato_77 won by resignation"]

1. e4 e5 2. Nf3 Nc6 3. Bc4 Nf6 4. d3 d5 5. exd5 Nxd5 6. O-O Nb6 7. Bb5 Bd6 8. Re1 O-O 9. Bg5 f6 10. Bh4 Bg4 11.
h3 Bh5 12. Nbd2 Nd4 13. Bc4+ Nxc4 14. dxc4 Bg6 15. Nxd4 exd4 16. Qg4 c5 17. Ne4 Be7 18. Ng3 f5 19. Bxe7 fxg4 20. Bxd8 Raxd8 21. Re2 gxh3 22. gxh3 d3 23. cxd3 Bxd3 24. Re7 Rf7 25. Rae1 Bxc4 26. Re8+ Rxe8 27. Rxe8+ Rf8 28. Re7 Rf7 29. Re8+ Rf8 30.
Re7 Bd5 31. Nh5 Rf7 32. Re8+ Rf8 33. Re7 Rf7 34. Re5 Bxa2 35. Rxc5 Be6 36. Re5 Bxh3 37. Re8+ Rf8 38. Re7 Bc8 39. Rxg7+ Kh8 40. Rc7 Kg8 41. Rg7+ Kh8 42. Re7 Kg8 43. Kf1 Rf7 44. Re8+ Rf8 45. Re7 Rf7 46. Re8+ Rf8 47. Re3 Bg4 48. Rg3 1-0

[Event "Live Chess"]
[Site "Chess.com"]
[Date "2024.06.01"]
[Round "-"]
[White "febray_27"]
[Black "missedJariChance"]
[Result "1-0"]
[WhiteElo "2007"]
[BlackElo "1341"]
[TimeControl "300"]
[EndTime "12:44:06 PDT"]
[Termination "febray_27 won by resignation"]

1. Nf3 e6 2. d4 d5 3. g3 c5 4.
Bg2 Nc6 5. O-O Nf6 6. c4 cxd4 7. cxd5 Nxd5 8. Nxd4 Be7 9. Nxc6 bxc6 10. Qc2 Qc7 11. Rd1 O-O 12. Nc3 Bb7 13. Nxd5 exd5 14. Bxd5 Rad8 15.
Bg2 Rfe8 16. Bf4 Bd6 17. Bxd6 Rxd6 18. Rxd6 Qxd6 19. Rd1 Qc7 20. b4 h6 21. b5 Qb6 22.
bxc6 Rc8 23. Rb1 Qc7 24. Rxb7 Qd8 1-0

[Event "Live Chess"]
[Site "Chess.com"]
[Date "2024.06.01"]
[Round "-"]
[White "KeithArkell"]
[Black "Bob2pen"]
[Result "1-0"]
[WhiteElo "2465"]
[BlackElo "1888"]
[TimeControl "300"]
[EndTime "12:44:29 PDT"]
[Termination "KeithArkell won by resignation"]

1. d4 Nf6 2. Nf3 c5 3. d5 e6 4. Nc3 exd5 5. Nxd5 Nxd5 6. Qxd5 d6 7. e4 Nc6 8. Bc4 Be6 9. Qd3 Bxc4 10. Qxc4 Be7 11. O-O O-O 12. Bf4 Bf6 13. c3 Qe7 14. Rad1 Ne5 15. Bxe5 Bxe5 16. Rd5 a6 17. a4 Rab8 18. Nxe5 dxe5 19. Qxc5 Qxc5 20. Rxc5 Rfe8 21. Rd1 b6 22. Rc7 b5 23. axb5 Rxb5 24. b4 a5 25. bxa5 Rxa5 26. g3 Ra4 27. Rdd7 Rf8 28. f3 Ra2 29. Ra7 Rc2 30. Rd3 Rb8 31. Rad7 f6 32. Rd8+ Rxd8 33.
Rxd8+ Kf7 34. Rd7+ Ke6 35. Rxg7 Rxc3 36. Kg2 Rc2+ 37.
Kh3 Rf2 38. Kg4 Rxh2 39. f4 h5+ 40. Kf3 h4 41. f5+ Kd6 42. Rf7 hxg3 43. Rxf6+ Ke7 44. Re6+ Kf7 45. Kxg3 Re2 46. Rxe5 Re3+ 47. Kf4 Re1 48. Ra5 Rh1 49. Ra7+ Kf8 50. Ke5 Rb1 51. f6 Rb6 52. Kf5 1-0

[Event "Live Chess"]
[Site "Chess.com"]
[Date "2024.06.01"]
[Round "-"]
[White "Tushinskiy"]
[Black "Zhevzh1k7"]
[Result "1-0"]
[WhiteElo "2241"]
[BlackElo "1108"]
[TimeControl "300"]
[EndTime "12:44:40 PDT"]
[Termination "Tushinskiy won by checkmate"]

1. d4 Nf6 2. c3 e6 3. Nf3 d5 4.
Bf4 Nc6 5. Nbd2 Bd6 6. Bg3 Bxg3 7. hxg3 Bd7 8. Qc2 Qe7 9. e4 dxe4 10. Nxe4 Nxe4 11.
Qxe4 f5 12. Qe3 O-O-O 13. Bc4 Na5 14. Bb3 Nxb3 15. axb3 Kb8 16. O-O h5 17. d5 Rde8 18. Qxa7+ Kc8 19. Qa8# 1-0

[Event "Live Chess"]
[Site "Chess.com"]
[Date "2024.06.01"]
[Round "-"]
[White "bobby_jamesFischer86"]
[Black "Cruiseylee78"]
[Result "0-1"]
[WhiteElo "1614"]
[BlackElo "1681"]
[TimeControl "300"]
[EndTime "12:44:45 PDT"]
[Termination "Cruiseylee78 won by checkmate"]

1. d4 d5 2. c4 Bf5 3. Nc3 e6 4. cxd5 exd5 5. e3 c6 6. Bd3 Bg6 7. Nf3 Nd7 8. Kf1 Ngf6 9. Ke2 Qc7 10. Re1 O-O-O 11. Bd2 Kb8 12. Rc1 Bd6 13. Nb5 Qb6 14.
Nxd6 Nc5 15. Bxg6 Qa6+ 16. Nc4 fxg6 17. dxc5 dxc4 18. Bc3 Rxd1 19. Rexd1 Ne4 20. Kf1 Re8 21. Ne5 Nxc3 22. Nd7+ Kc8 23. bxc3 Re7 24. Nf8 Qa3 25. Nxh7 Qxc5 26. Rd4 Qh5 27. Nf8 Re8 28. Nd7 Qxh2 29.
Rcd1 Qh1+ 30. Ke2 Qxg2 31. Nc5 Rf8 32. Ne4 c5 33. Nd6+ Kb8 34. Rf4 Rxf4 35. exf4 Qg4+ 36.
Ke1 Qxf4 37. Nb5 Qf6 38. Rd6 Qe7+ 39. Kd1 a6 40. Rxg6 axb5 41. Rg3 Qf6 42. Re3 Qxf2 43. Re2 Qf3 44. Kd2 Qd3+ 45. Ke1 Qxc3+ 46. Kf2 Qd4+ 47. Ke1 c3 48. Re8+ Ka7 49. Re2 Qg1# 0-1

[Event "Live Chess"]
[Site "Chess.com"]
[Date "2024.06.01"]
[Round "-"]
[White "OxonChess"]
[Black "stevochess11"]
[Result "0-1"]
[WhiteElo "1830"]
[BlackElo "1712"]
[TimeControl "300"]
[EndTime "12:44:47 PDT"]
[Termination "stevochess11 won by resignation"]

1. d4 Nf6 2. c4 c5 3. d5 b5 4.
cxb5 a6 5. Nc3 g6 6. e4 d6 7. Nf3 Nbd7 8. bxa6 Bxa6 9. Bxa6 Rxa6 10. O-O Bg7 11. Re1 O-O 12. a4 Qc7 13. Nb5 Qb6 14.
Ra3 Rb8 15. Nd2 Ne5 16. Qc2 Qa5 17. Re2 Nfd7 18. Nc4 Nxc4 19. Qxc4 Nb6 20. Qc2 Nxa4 21. Bd2 Qxb5 22. Bc1 Nxb2 23. Rxa6 Qxa6 24. e5 Bxe5 25.
Rxe5 dxe5 26. Bxb2 Qa2 27. g3 Rxb2 28. Qxc5 Rd2 29. h4 Qb1+ 30. Kg2 Qe4+ 31. Kh3 Qh1+ 32.
Kg4 h5+ 33. Kg5 Qxd5 34. Qxe7 Qd8 0-1

[Event "Live Chess"]
[Site "Chess.com"]
[Date "2024.06.01"]
[Round "-"]
[White "Kyrylo7770"]
[Black "Hacker_2009"]
[Result "0-1"]
[WhiteElo "1683"]
[BlackElo "2226"]
[TimeControl "300"]
[EndTime "12:44:55 PDT"]
[Termination "Hacker_2009 won by checkmate"]

1. d4 Nf6 2. Nf3 d5 3. Bg5 e6 4.
e3 Be7 5. c4 O-O 6. Nc3 c5 7.
cxd5 Nxd5 8. Bxe7 Qxe7 9. Nxd5 exd5 10. Ne5 Nc6 11. Nxc6 bxc6 12. Be2 cxd4 13. Qxd4 Be6 14. a3 c5 15. Qa4 Qf6 16. h4 Qxb2 17. Rd1 d4 18. exd4 Bb3 19. Qb5 Qc3+ 20. Kf1 Bxd1 21. Bxd1 cxd4 22. h5 h6 23. Qf5 d3 24. g3 d2 25. Kg2 Rfe8 26. Bc2 Qc6+ 27. Kh3 Qxh1+ 28.
Kg4 d1=Q+ 29. Bxd1 Qxd1+ 30. Kh3 Rad8 31. f3 Qh1+ 32. Kg4 Rd4+ 33. f4 Qd1+ 34. Kh4 Rd2 35.
Qb5 Rh2# 0-1

[Event "Live Chess"]
[Site "Chess.com"]
[Date "2024.06.01"]
[Round "-"]
[White "ACM42"]
[Black "dl_chess"]
[Result "1-0"]
[WhiteElo "2205"]
[BlackElo "1183"]
[TimeControl "300"]
[EndTime "12:45:24 PDT"]
[Termination "ACM42 won on time"]

1. e4 e6 2. d4 d5 3. Nc3 Nf6 4. e5 Nfd7 5. f4 c5 6. Nf3 Nc6 7. Be3 cxd4 8. Nxd4 a6 9. g3 Qc7 10. Bh3 Nxd4 11. Bxd4 Bc5 12. O-O Bxd4+ 13. Qxd4 Nc5 14. f5 Bd7 15. fxe6 Bxe6 16. Nxd5 Bxd5 17. Qxd5 O-O 18. c3 Rad8 19. Qc4 Qb6 20. Kh1 Nd3 21. Qb3 Nf2+ 22. Kg2 Qe3 23. Rxf2 Qe4+ 24. Kg1 Qe3 25. Qc2 Qxe5 26. Raf1 Qc5 27. Kh1 Rd6 28. Bg2 Rh6 29. Qb3 1-0

[Event "Live Chess"]
[Site "Chess.com"]
[Date "2024.06.01"]
[Round "-"]
[White "bonantagulo"]
[Black "Silverback7829"]
[Result "1-0"]
[WhiteElo "2106"]
[BlackElo "1113"]
[TimeControl "300"]
[EndTime "12:45:25 PDT"]
[Termination "bonantagulo won by checkmate"]

1. d4 d5 2. e4 dxe4 3. Nc3 Nf6 4. Bg5 h6 5. Bxf6 gxf6 6. Nxe4 f5 7. Nc3 Bg7 8. Nf3 Be6 9. g3 Nc6 10. Bg2 Qd7 11. O-O O-O-O 12. Ne2 Nb4 13. Nf4 Bxa2 14. c3 Bc4 15. cxb4 Bxf1 16. Qxf1 f6 17. Rxa7 c6 18. b5 Kc7 19. bxc6 Qxc6 20. Ne5 fxe5 21. Bxc6 Kxc6 22. Qc4+ Kd6 23. Qc5+ Kd7 24. Rxb7+ Ke8 25. Qxe7# 1-0

[Event "Live Chess"]
[Site "Chess.com"]
[Date "2024.06.01"]
[Round "-"]
[White "gmnorfolk"]
[Black "Ksenia_2013"]
[Result "1-0"]
[WhiteElo "2072"]
[BlackElo "764"]
[TimeControl "300"]
[EndTime "12:45:41 PDT"]
[Termination "gmnorfolk won by checkmate"]

1. Nf3 d5 2. d4 Nc6 3. Bf4 Bf5 4.
c4 dxc4 5. Nc3 Nf6 6. Ne5 Nxd4 7. e3 Nc2+ 8. Ke2 Nxa1 9. Qxa1 e6 10. f3 Bd6 11. Kf2 O-O 12. h4 Bxe5 13. Bxe5 Qd2+ 14.
Kg3 Nh5+ 15. Kh2 Qxe3 16. f4 f6 17. Bxc7 e5 18. Bxc4+ Kh8 19. Nd5 Qc5 20. Rc1 exf4 21. b4 Qf2 22. Rc3 Be4 23. Nxf4 Qxh4+ 24. Rh3 Ng3 25. Rxh4 Rac8 26. Ne6 Rfe8 27. Kxg3 g5 28. Rxe4 Kg8 29. Qxf6 Rf8 30. Nxf8# 1-0

[Event "Live Chess"]
[Site "Chess.com"]
[Date "2024.06.01"]
[Round "-"]
[White "Nazar-Makarchuk"]
[Black "TigerTank70"]
[Result "0-1"]
[WhiteElo "1510"]
[BlackElo "2193"]
[TimeControl "300"]
[EndTime "12:45:46 PDT"]
[Termination "TigerTank70 won by resignation"]

1. e4 e5 2. Nf3 Nc6 3. Bb5 a6 4. Bxc6 dxc6 5. O-O Bg4 6. d4 Bxf3 7. Qxf3 Qxd4 8. Nc3 Nf6 9. Be3 Qb4 10.
Rab1 Be7 11. Bd2 Qd6 12. Qd1 Rd8 13. Be3 Qe6 14. Qe2 O-O 15. Rfd1 b6 16. Rxd8 Rxd8 17. Rd1 Rxd1+ 18. Qxd1 h6 19. f3 Kh7 20. Qd2 Bb4 21. Kf2 Ne8 22. a3 Bxc3 23. Qxc3 c5 24. b4 cxb4 25.
Qxb4 Qd6 26. Qxd6 Nxd6 27. f4 exf4 28. Bxf4 Nxe4+ 29. Kf3 f5 30. Bxc7 b5 31. Ba5 g5 32. g4 Kg6 33. gxf5+ Kxf5 34. Bb4 h5 35. c3 g4+ 36. Kg2 Kf4 37. Kg1 Kf3 38. Ba5 h4 39. Kf1 h3 40. Ke1 Kg2 41. Bc7 g3 42. hxg3 h2 43. Bf4 h1=Q+ 44. Ke2 Nxc3+ 45. Kd3 Nd5 46. Ke4 Nxf4 47. gxf4 Qe1+ 0-1

[Event "Live Chess"]
[Site "Chess.com"]
[Date "2024.06.01"]
[Round "-"]
[White "PaulHumphreys"]
[Black "jimwad"]
[Result "0-1"]
[WhiteElo "1393"]
[BlackElo "1264"]
[TimeControl "300"]
[EndTime "12:45:50 PDT"]
[Termination "jimwad won by resignation"]

1. d4 d5 2. Nc3 Nf6 3. Bf4 Bf5 4.
Nb5 Na6 5. e3 c6 6. Nc3 e6 7. Bxa6 bxa6 8. Nf3 Bb4 9. a3 Bxc3+ 10. bxc3 O-O 11. Rb1 Qa5 12. O-O Qxc3 13. Rb7 Bxc2 14.
Qc1 Ne4 15. Ne5 Bd3 16. Nxd3 Qxd3 17. Qxc6 Qxa3 18. f3 Nd2 19. Rd1 Nc4 20. e4 Na5 0-1